 Dungeon Crawl Stone Soup version 0.24.1 (webtiles) character file.

Game seed: 1535493835595432597, levelgen mode: deterministic

301 Destapler the Skirmisher (level 6, -6/56 HPs)
             Began as a Hill Orc Fighter on Apr 1, 2020.
             Was an Initiate of Nemelex Xobeh.
             Mangled by Pikel
             ... wielding a +1 whip of electrocution
              (20 damage)
             ... on level 3 of the Dungeon.
             The game lasted 00:08:01 (2240 turns).

Destapler the Skirmisher (Hill Orc Fighter)         Turns: 2240, Time: 00:08:02

Health: -6/56      AC:  8    Str: 26    XL:     6   Next: 37%
Magic:  6/6        EV: 10    Int:  8    God:    Nemelex Xobeh [......]
Gold:   263        SH:  7    Dex: 10    Spells: 5/5 levels left

rFire    . . .     SeeInvis .   a - +1 war axe
rCold    . . .     Gourm    .   l - +3 buckler
rNeg     . . .     Faith    .   m - +0 ring mail
rPois    .         Spirit   .   (no helmet)
rElec    .         Reflect  .   v - +0 cloak
rCorr    +         Harm     .   (no gloves)
MR       .....                  i - +0 pair of boots
Stlth    ..........             (no amulet)
HPRegen  0.18/turn              c - ring of resist corrosion
MPRegen  0.10/turn              (no ring)

@: mighty
A: no striking features
a: Draw Escape, Draw Destruction, Draw Summoning, Renounce Religion


You were on level 3 of the Dungeon.
You worshipped Nemelex Xobeh.
Nemelex Xobeh was noncommittal.
You were not hungry.

You visited 1 branch of the dungeon, and saw 4 of its levels.

You collected 263 gold pieces.

Inventory:

Hand Weapons
 a - a +1 war axe (weapon)
Missiles
 g - 34 poisoned darts (quivered)
 q - 7 javelins
 u - 5 boomerangs
Armour
 b - a +0 scale mail
 i - a +0 pair of boots (worn)
 l - a +3 buckler (worn)
 m - a +0 ring mail (worn)
 v - a +0 cloak (worn)
Jewellery
 c - a ring of resist corrosion (left hand)
Wands
 w - a wand of random effects (8)
Scrolls
 h - a scroll of enchant armour
 p - a scroll of remove curse
 r - a scroll of teleportation {unknown}
 t - a scroll of identify {unknown}
 x - 3 scrolls of blinking {unknown}
Potions
 e - a potion of brilliance {unknown}
 k - a potion of heal wounds {unknown}
 n - 3 potions of berserk rage {unknown}
 s - 2 potions of flight {unknown}
Comestibles
 f - 3 rations


   Skills:
 + Level 5.2 Fighting
 + Level 4.8 Axes
 + Level 4.7 Armour
 + Level 4.7 Shields


You had 5 spell levels left.
You didn't know any spells.
Your spell library contained the following spells:

 Spells                   Type           Power        Failure   Level  Hunger
 Magic Dart               Conj           #...         54%         1    ##.....
 Blink                    Tloc           N/A          67%         2    ###....
 Call Imp                 Summ           #.......     67%         2    ###....
 Slow                     Hex            #.......     67%         2    ###....
 Conjure Flame            Conj/Fire      #.......     88%         3    ####...
 Mephitic Cloud           Conj/Pois/Air  #.......     88%         3    ####...


Dungeon Overview and Level Annotations

Branches:
Dungeon (4/15)
 Temple: D:4-7

Altars:
Nemelex Xobeh

Annotations:
D:3 Pikel


Message History

You closely miss Pikel. You hit the slave. You closely miss the slave.
The slave hits you.
* * * LOW HITPOINT WARNING * * *
The slave hits you but does no damage. Pikel hits you but does no damage.
You slice Pikel!!
Pikel is heavily wounded.
You closely miss the slave. You slash the slave! The slave closely misses you.
The slave hits you.
* * * LOW HITPOINT WARNING * * *
You block Pikel's attack. The slave hits you but does no damage.
You slash Pikel!
Pikel is severely wounded.
You closely miss the slave. You slash the slave!
You kill the slave!
That felt strangely unrewarding.
Pikel hits you with a +1 whip of electrocution.
* * * LOW HITPOINT WARNING * * *
You are electrocuted!!
You die...
Your body disappears without a glow.

#.......###..........####.....
#......##.##.#........###.....
#......#...#...........##....#
###..####)####.........##.....
#.##..#'#..##...............
#.#._.'.'...#........##.....
#.##.##.##.##...............
#..###.#.###.........#......
#......#..p@.........#.....#
#...#.###.K#.........#..###.
###.#................#..#...
####.####.............#......
##.....###.................#<#
##.......##....#............#.#
#.........###.###..#.###...##.#
#.........#...###..#.#..(##...#
#.........#.###........####.###


You could see Pikel and a slave.

Vanquished Creatures
  Sigmund (D:4)
  A slave (D:3)
  A worker ant (D:4)
  A gnoll (D:1)
  An adder (D:2)
  2 oozes
  2 worms (D:2)
  A dart slug (D:1)
  3 leopard geckos (D:1)
  6 orcs (D:3)
  5 giant cockroaches
  9 goblins
  10 hobgoblins
  4 jackals
  A quokka (D:3)
  10 bats
  3 frilled lizards
  5 kobolds
  9 rats
75 creatures vanquished.

Vanquished Creatures (collateral kills)
  A giant cockroach (D:4)
1 creature vanquished.

Grand Total: 76 creatures vanquished

Notes
Turn   | Place    | Note
-------+----------+-------------------------------------------
     0 | D:1      | Destapler the Hill Orc Fighter began the quest for the Orb.
     0 | D:1      | Reached XP level 1. HP: 19/19 MP: 1/1
   212 | D:1      | Reached XP level 2. HP: 18/27 MP: 2/2
   567 | D:1      | Reached skill level 4 in Fighting
   656 | D:1      | Reached XP level 3. HP: 33/33 MP: 3/3
   956 | D:2      | Reached XP level 4. HP: 33/40 MP: 4/4
  1964 | D:3      | Reached XP level 5. HP: 47/47 MP: 5/5
  1971 | D:3      | Found a sparkling altar of Nemelex Xobeh.
  2018 | D:3      | Became a worshipper of Nemelex Xobeh the Trickster
  2026 | D:4      | Received a gift from Nemelex Xobeh
  2026 | D:4      | Noticed Sigmund
  2043 | D:4      | Killed Sigmund
  2043 | D:4      | Reached skill level 5 in Fighting
  2043 | D:4      | Reached XP level 6. HP: 32/56 MP: 6/6
  2219 | D:4      | Noticed a slave
  2219 | D:4      | Noticed a slave
  2219 | D:4      | Noticed a slave
  2222 | D:4      | Noticed Pikel
  2240 | D:3      | Killed a slave
  2240 | D:3      | Mangled by Pikel

Levels and vault maps discovered:
D:1:      dpeg_arrival_more_subterranean_lakeside_camping, layout_loops_corners,
          minmay_misc_feat_square, minmay_tetromino_i4
D:2:      layout_basic, minmay_quadrilaterals
D:3:      layout_rooms, nemelex_dance_club_becter
D:4:      layout_basic, first_ration, minmay_misc_feat_four_crosses,
          uniq_duvessa, uniq_sigmund, uniq_pikel, uniq_ijyb

Skill      XL: |  1  2  3  4  5 |
---------------+----------------+-----
Axes           | 3 4 |  4.8
Fighting       | 4 5 |  5.2
Armour         | 4 |  4.7
Shields        | 4 |  4.7

Action                   |  1- 3 |  4- 6 || total
-------------------------+-------+-------++-------
Melee: War axe           |   117 |   113 ||   230
 Abil: Draw Destruction  |       |     1 ||     1
       Draw Summoning    |       |     1 ||     1
  Use: Scroll            |     2 |     1 ||     3
       Potion            |       |     1 ||     1
  Eat: Chunk             |       |     5 ||     5
Armor: Scale mail        |    40 |       ||    40
       Ring mail         |     7 |    51 ||    58
Dodge: Dodged            |    51 |    56 ||   107
Block: Shield            |    41 |       ||    41
       Buckler           |    20 |    43 ||    63
